 Dungeon Crawl Stone Soup version 0.24-a0-380-g7ade4d1b3c (webtiles) character file.

Game seed: 12269988871761421072

8538 Gargoyl the Cleaver (level 11, 0/138 HPs)
             Began as a Centaur Abyssal Knight on June 3, 2019.
             Was a High Priest of Lugonu.
             Succumbed to anet's ghost's poison
             ... on level 1 of the Lair of Beasts.
             The game lasted 00:17:30 (12405 turns).

Gargoyl the Cleaver (Centaur Abyssal Knight)       Turns: 12405, Time: 00:17:31

Health: 0/138      AC: 25    Str: 20 (21) XL:     11   Next: 11%
Magic:  16/16      EV:  1    Int: 14 (16) God:    Lugonu [*****.]
Gold:   627        SH:  0    Dex: 14 (16) Spells: 10/10 levels left

rFire    . . .     SeeInvis .   n - +4 battleaxe
rCold    . . .     Gourm    .   (shield currently unavailable)
rNeg     + + +     Faith    .   (armour currently unavailable)
rPois    +         Spirit   .   (helmet currently unavailable)
rElec    .         Reflect  .   (cloak currently unavailable)
rCorr    .         Harm     .   (gloves currently unavailable)
MR       .....     NoTele   +   (no barding)
Stlth    ++........             q - amulet of rage
HPRegen  0.33/turn              d - ring of positive energy
MPRegen  0.15/turn              (no ring)

@: mighty, brilliant, agile, lethally poisoned (0 -> -3), tree-form (expiring),
very slightly contaminated, invisible
A: large
a: Depart the Abyss, Bend Space, Banish, Corrupt, Enter the Abyss, Renounce
Religion, Evoke Berserk Rage


You were on level 1 of the Lair of Beasts.
You worshipped Lugonu.
Lugonu was extremely pleased with you.
You were near starving.
You were a tree.
You visited 2 branches of the dungeon, and saw 10 of its levels.
You visited the Abyss 1 time.

You collected 627 gold pieces.

Inventory:

Hand Weapons
 a - a +2 hand axe
 n - a +4 battleaxe (weapon)
Armour
 f - a +1 chain mail (melded)
 m - a +1 helmet (melded)
 y - a +2 pair of gloves (melded)
Jewellery
 d - a ring of positive energy (left branch)
 q - an amulet of rage (around neck)
Wands
 o - a wand of digging (4)
 r - a wand of iceblast (10)
 B - a wand of acid (7)
 F - a wand of flame (20)
 G - a wand of disintegration (11)
Scrolls
 b - 9 scrolls of remove curse
 e - 3 scrolls of amnesia
 h - 4 scrolls of teleportation
 j - 2 scrolls of magic mapping
 k - 2 scrolls of blinking
 l - a scroll of fog
 v - 2 scrolls of identify
Potions
 g - 2 potions of cancellation
 s - a potion of resistance
 t - 2 potions of lignification
 w - a potion of haste
Comestibles
 c - 21 rations


   Skills:
 + Level 7.2 Fighting
 + Level 9.3 Axes
 * Level 6.8 Armour
 * Level 4.7 Dodging
 * Level 7.3 Invocations
 + Level 1.1 Evocations


You had 10 spell levels left.
You didn't know any spells.
Your spell library contained the following spells:

 Spells                   Type           Power        Failure   Level  Hunger
 Corona                   Hex            #......      3%          1    ##.....
 Magic Dart               Conj           #...         3%          1    ##.....
 Blink                    Tloc           N/A          5%          2    ###....
 Call Imp                 Summ           #.......     5%          2    ###....
 Ensorcelled Hibernation  Hex/Ice        #.....       5%          2    ###....
 Slow                     Hex            #.......     5%          2    ###....
 Confuse                  Hex            #.......     10%         3    ####...
 Conjure Flame            Conj/Fire      #.......     10%         3    ####...
 Dazzling Spray           Conj/Hex       #.....       10%         3    ####...
 Mephitic Cloud           Conj/Pois/Air  #.......     10%         3    ####...
 Tukima's Dance           Hex            #.......     10%         3    ####...


Dungeon Overview and Level Annotations

Branches:
Dungeon (9/15)             Temple (0/1) D:7            Lair (1/6) D:9
    Orc (0/2) D:9

Altars:
Fedhas
Makhleb
Vehumet
Zin
The Shining One

Annotations:
D:6 infamovsego's ghost, novice TrFi


Innate Abilities, Weirdness & Mutations

((You have hooves in place of feet.))
((Armour fits poorly on your strangely shaped body.))
((You cover ground very quickly.))
((You have extremely tough skin. (AC +3)))


Message History

You feel sick.
You recover from your berserk rage.
* * * LOW HITPOINT WARNING * * *
You feel sick.
* * * LOW HITPOINT WARNING * * *
You feel sick.
* * * LOW HITPOINT WARNING * * *
You feel sick.
* * * LOW HITPOINT WARNING * * *
You feel sick.
* * * LOW HITPOINT WARNING * * *
You feel sick.
* * * LOW HITPOINT WARNING * * *
You feel sick.
* * * LOW HITPOINT WARNING * * *
You feel sick.
* * * LOW HITPOINT WARNING * * *
You feel sick.
Your transformation is almost over.
You die...

.................# #.............
.................###.............
......................#P##...#..#
......................####...##..
.................................
≈≈≈≈≈≈............##.........##..
#####≈...........#...####.#PP##..
# #≈...................<.....[.
## #≈..........♣................
≈# ##≈...........................
≈###≈≈...........................
≈≈≈≈≈≈...........................
.................[...............
.................................
.......##.#....##.....[..........
........###......................
.......#.##......................


There were no monsters in sight!

Vanquished Creatures
  An elephant (D:8)
  A komodo dragon (Lair:1)
  A hornet (D:9)
  Grinder (D:3)
  A blink frog (Lair:1)
  4 hippogriffs
  A wyvern (D:9)
  A ynoxinul (Abyss:4)
  Sigmund (D:4)
  A basilisk (D:9)
  4 yaks
  A hungry ghost (D:7)
  Menkaure (D:6)
  5 water moccasins
  3 porcupines (Lair:1)
  An orc warrior (D:7)
  3 sky beasts
  Purgy (D:3)
  2 ogres
  A necrophage (D:6)
  4 centaurs
  2 crocodiles
  7 bullfrogs
  3 scorpions
  3 killer bees (D:7)
  4 wights (D:6)
  A howler monkey (D:5)
  2 lava snakes (Lair:1)
  2 bullfrog zombies
  6 crimson imps
  2 jellies
  2 hounds
  6 orc priests
  3 bullfrog skeletons
  10 orc wizards
  4 iguanas
  Ijyb (D:3)
  8 worker ants
  2 hound skeletons
  A worker ant zombie (D:6)
  Robin (D:4)
  4 gnolls (D:3)
  5 adders
  3 shadow imps (D:6)
  An ooze (D:7)
  An adder zombie (D:5)
  An adder skeleton (D:4)
  3 worms (D:2)
  2 dart slugs (D:1)
  A leopard gecko (D:3)
  31 orcs
  7 bats
  2 giant cockroaches
  11 goblins
  13 hobgoblins
  13 jackals
  3 quokkas
  3 frilled lizards
  8 kobolds
  A leopard gecko skeleton (D:8)
  A quokka skeleton (D:6)
  7 rats
230 creatures vanquished.

Vanquished Creatures (others)
  A hydra (Lair:1)
  The ghost of anet the Magician, a novice DEWz of Ashenzari (Lair:1)
  A bush (D:5)
3 creatures vanquished.

Grand Total: 233 creatures vanquished

Notes
Turn   | Place    | Note
-------+----------+-------------------------------------------
     0 | Abyss:1  | Gargoyl the Centaur Abyssal Knight began the quest for the
                  | Orb.
     0 | Abyss:1  | Reached XP level 1. HP: 19/19 MP: 2/2
    32 | Abyss:1  | Noticed a bone dragon
    94 | Abyss:4  | Found a deep blue altar of Sif Muna.
   103 | Abyss:4  | Noticed a ynoxinul
   143 | Abyss:4  | Killed a ynoxinul
   143 | Abyss:4  | Reached skill level 2 in Axes
   143 | Abyss:4  | Reached XP level 2. HP: 28/28 MP: 3/3
   144 | Abyss:4  | Reached XP level 3. HP: 35/35 MP: 4/4
   144 | Abyss:4  | Reached XP level 4. HP: 41/41 MP: 5/5
   144 | Abyss:4  | Reached XP level 5. HP: 47/47 MP: 6/6
   175 | Abyss:4  | Noticed a large abomination
   183 | D:1      | Escaped the Abyss
   258 | D:1      | Reached * piety under Lugonu
   266 | D:1      | Reached skill level 5 in Fighting
   960 | D:2      | Reached skill level 1 in Dodging
  1687 | D:3      | Noticed Grinder
  1715 | D:3      | Killed Grinder
  1715 | D:3      | Reached ** piety under Lugonu
  1715 | D:3      | Reached skill level 3 in Axes
  1715 | D:3      | Reached XP level 6. HP: 11/56 MP: 8/8
  2033 | D:3      | Found a burning altar of Makhleb.
  2312 | D:3      | Noticed Purgy
  2337 | D:3      | Killed Purgy
  2337 | D:3      | Reached XP level 7. HP: 18/61 MP: 9/9
  3305 | D:4      | Noticed Robin
  3325 | D:4      | Killed Robin
  3614 | D:4      | Reached skill level 4 in Axes
  3753 | D:4      | Noticed Ijyb
  3868 | D:3      | Killed Ijyb
  3911 | D:4      | Noticed Sigmund
  3926 | D:4      | Killed Sigmund
  4076 | D:5      | Entered Level 5 of the Dungeon
  4092 | D:5      | Reached XP level 8. HP: 69/69 MP: 11/11
  4155 | D:5      | Reached *** piety under Lugonu
  4780 | D:5      | Reached skill level 5 in Axes
  5573 | D:6      | Found a transporter.
  5574 | D:6      | Noticed infamovsego's ghost (novice TrFi)
  5579 | D:6      | Found a transporter.
  5593 | D:6      | Noticed a two-headed ogre
  5630 | D:6      | Found a radiant altar of Vehumet.
  5633 | D:6      | Found a glowing golden altar of the Shining One.
  5636 | D:6      | Found a glowing silver altar of Zin.
  5660 | D:6      | Noticed Menkaure
  5664 | D:6      | Reached XP level 9. HP: 57/74 MP: 12/12
  5669 | D:6      | Killed Menkaure
  5669 | D:6      | Reached skill level 6 in Axes
  5669 | D:6      | Reached skill level 5 in Invocations
  6102 | D:6      | Found a blossoming altar of Fedhas.
  6911 | D:6      | Reached **** piety under Lugonu
  7300 | D:7      | Found a staircase to the Ecumenical Temple.
  7458 | D:7      | Reached skill level 7 in Axes
  7582 | D:7      | Reached skill level 5 in Armour
  8616 | D:8      | Reached XP level 10. HP: 84/84 MP: 14/14
  8880 | D:9      | Reached skill level 8 in Axes
  8881 | D:9      | Reached ***** piety under Lugonu
  9255 | D:9      | Found a staircase to the Orcish Mines.
  9271 | D:9      | Paralysed by a hornet for 1 turns
  9285 | D:9      | Paralysed by a hornet for 1 turns
  9288 | D:9      | Paralysed by a hornet for 3 turns
  9736 | D:9      | Noticed an elephant
  9737 | D:9      | Found a staircase to the Lair.
  9763 | D:8      | Killed an elephant
 10311 | Lair:1   | Entered Level 1 of the Lair of Beasts
 10954 | Lair:1   | Reached skill level 1 in Evocations
 11334 | Lair:1   | Noticed anet's ghost (novice DEWz)
 11335 | Lair:1   | Found a runed translucent gate.
 11337 | Lair:1   | Found a runed translucent gate.
 11338 | Lair:1   | Found a runed translucent gate.
 11437 | Lair:1   | Reached skill level 9 in Axes
 11522 | Lair:1   | Noticed a seven-headed hydra
 11524 | Lair:1   | Banished a seven-headed hydra
 11953 | Lair:1   | Reached XP level 11. HP: 71/92 MP: 16/16
 12388 | Lair:1   | Banished anet's ghost
 12396 | Lair:1   | HP: 6/138 [poisoned by anet's ghost]
 12401 | Lair:1   | HP: 2/138 [poisoned by anet's ghost]
 12405 | Lair:1   | Succumbed to anet's ghost's poison

Levels and vault maps discovered:
D:1:      minmay_arrival_shattered_statue, layout_rooms,
          hangedman_decor_clover_reticule, minmay_box_of_dots
D:2:      layout_basic, first_ration, chequers_serial_rivers_micro_a
D:3:      layout_loops_cross, old_standard_altar, uniq_purgy, uniq_grinder
D:4:      layout_rooms, uniq_robin, uniq_ijyb, uniq_sigmund
D:5:      layout_rooms, kennysheep_path_1, kb_lookout_dungeons_type
D:6:      layout_cave_pools, grunt_temple_overflow_diamond,
          gammafunk_ghost_smash, fedhas_ov_isle_minmay, uniq_menkaure
D:7:      layout_basic, minmay_temple_entry_proselytizer, dk_noncrumbling_3
D:8:      layout_basic
D:9:      layout_loops_ring, david_lair_generic, orc_0_dummy
Lair:1:   layout_gridlike, gammafunk_ghost_split, serial_bayou_shore_a

Skill      XL: |  1  2  3  4  5  6  7  8  9 10 |
---------------+-------------------------------+-----
Fighting       | 4 5 6 7 |  7.2
Axes           | 2 3 4 5 7 9 |  9.3
Armour         | 2 3 4 5 6 |  6.8
Dodging        | 1 2 3 4 |  4.7
Invocations    | 3 4 6 7 |  7.3
Evocations     | 1 |  1.1

Action                   |  1- 3 |  4- 6 |  7- 9 | 10-12 || total
-------------------------+-------+-------+-------+-------++-------
Melee: Hand axe          |       |   177 |   236 |       ||   413
       Kick              |       |    28 |   108 |    34 ||   170
       Battleaxe         |       |       |   175 |   185 ||   360
 Fire: Hand crossbow     |       |       |     6 |       ||     6
Invok: Depart the Abyss  |       |     1 |       |       ||     1
       Banish            |       |       |       |     3 ||     3
 Abil: Evoke Berserk Rag |       |       |     3 |     5 ||     8
Evoke: Wand              |     2 |     4 |       |       ||     6
  Use: Scroll            |     2 |    10 |     4 |     3 ||    19
       Potion            |     1 |     4 |     1 |    14 ||    20
  Eat: Chunk             |       |     3 |    17 |    11 ||    31
       Ration            |       |       |     2 |     1 ||     3
Armor: Chain mail        |       |   222 |   334 |   189 ||   745
       Skin              |       |     1 |       |     5 ||     6
Dodge: Dodged            |       |    70 |   136 |    95 ||   301

Table legend:
 A = Non-vault XP
 B = Vault XP
 C = Vault XP percentage of total XP
 D = Non-vault monster count
 E = Vault monster count
 F = Vault count percentage of total count
                 A         B        C        D         E       F
            +---------+---------+-------+---------+---------+-------
      Total |    8573 |    3625 |  29.7 |     202 |      30 |  12.9
            +---------+---------+-------+---------+---------+-------
        D:1 |      39 |       2 |   4.9 |      22 |       2 |   8.3
        D:2 |      47 |       0 |   0.0 |      21 |       0 |   0.0
        D:3 |     121 |     433 |  78.2 |      20 |       3 |  13.0
        D:4 |     287 |     241 |  45.6 |      13 |      11 |  45.8
        D:5 |     565 |     110 |  16.3 |      22 |       1 |   4.3
        D:6 |    1296 |     293 |  18.4 |      33 |       2 |   5.7
        D:7 |    1135 |      43 |   3.7 |      18 |       1 |   5.3
        D:8 |     712 |     472 |  39.9 |      18 |       1 |   5.3
        D:9 |    1791 |     478 |  21.1 |      20 |       3 |  13.0
     Lair:1 |    2363 |    1553 |  39.7 |      14 |       6 |  30.0
    Abyss:4 |     217 |       0 |   0.0 |       1 |       0 |   0.0
            +---------+---------+-------+---------+---------+-------
